 Dungeon Crawl Stone Soup version 0.23-a0-558-g30802b1 (webtiles) character file.

15 Lavandula the Sneak (level 2, -4/18 HPs)
             Began as a Halfling Enchanter on Dec 11, 2018.
             Slain by Edmund
             ... wielding a +2 flail of protection
              (11 damage)
             ... on level 4 of the Dungeon.
             The game lasted 00:01:32 (182 turns).

Lavandula the Sneak (Halfling Enchanter)             Turns: 182, Time: 00:01:32

Health: -4/18      AC:  2    Str:  9    XL:     2   Next: 65%
Magic:  4/4        EV: 15    Int: 13    God:
Gold:   49         SH:  0    Dex: 14    Spells: 3/4 levels left

rFire    . . .     SeeInvis .   a - +1 dagger
rCold    . . .     Gourm    .   (shield restricted)
rNeg     . . .     Faith    .   b - +0 robe
rPois    .         Spirit   .   (no helmet)
rElec    .         Reflect  .   (no cloak)
rCorr    .         Harm     .   (no gloves)
MR       .....                  (no boots)
Stlth    ++........             (no amulet)
HPRegen  0.06/turn              (no ring)
MPRegen  0.09/turn              (no ring)

@: no status effects
A: small, mutation resistance 1
a: no special abilities


You were on level 4 of the Dungeon.
You were not hungry.

You visited 1 branch of the dungeon, and saw 4 of its levels.

You collected 49 gold pieces.

Inventory:

Hand Weapons
 a - a +1 dagger (weapon)
Armour
 b - a +0 robe (worn)
Scrolls
 c - a scroll of identify {unknown}
Potions
 e - a potion of agility {unknown}
Comestibles
 d - 3 rations


   Skills:
 + Level 1.2 Fighting
 - Level 2.2 Short Blades
 - Level 2.1 Dodging
 - Level 3.2 Stealth
 - Level 1.5 Spellcasting
 - Level 2.4 Hexes


You had 3 spell levels left.
You knew the following spells:

 Your Spells              Type           Power        Failure   Level  Hunger
a - Corona                Hex            #......      10%         1    ##.....

Your spell library contained the following spells:

 Spells                   Type           Power        Failure   Level  Hunger
 Ensorcelled Hibernation  Hex/Ice        #.....       24%         2    ###....
 Confuse                  Hex            #.......     30%         3    ####...
 Tukima's Dance           Hex            #.......     30%         3    ####...
 Dazzling Spray           Conj/Hex       #.....       43%         3    ####...


Dungeon Overview and Level Annotations

Branches:
Dungeon (4/15)
 Temple: D:4-7

Altars:

Annotations:
D:4 exclusion: worker ant, Edmund


Innate Abilities, Weirdness & Mutations

You are small and have problems with some larger weapons.
You are somewhat resistant to further mutation.


Message History

d - 3 rations (gained 1)
You feel sick.
A worker ant comes into view.
You feel sick.
A worker ant is nearby!
Press: ? - help, v - describe, . - travel
Here: a worker ant (resting)
The floor.
Placed new exclusion.
You feel sick.
You start resting.
You feel sick.
You are no longer poisoned.
You hear the slow rusting of a distant drain.
Edmund the Younger comes into view.
He is wielding a +2 flail of protection.
The helpless Edmund fails to defend himself.
You puncture Edmund!
Edmund is moderately wounded.
Edmund hits you with a +2 flail of protection!
Ouch! That really hurt!
You die...

#.# #.........#
#.# #.#.......#
#.######.##.†...##
#..............##
########.##.#..#
#.##.#..#
#.......#
#######.#[<#
#...@@.....#
#.#####.##.# #.# #
#.# #.# #.# ...
.##


You could see Edmund.

Vanquished Creatures
  An adder (D:4)
  A giant cockroach (D:3)
  2 hobgoblins (D:3)
  A kobold (D:2)
  A toadstool (D:1)
6 creatures vanquished.

Notes
Turn   | Place    | Note
-------+----------+-------------------------------------------
     0 | D:1      | Lavandula the Halfling Enchanter began the quest for the
                  | Orb.
     0 | D:1      | Reached XP level 1. HP: 11/11 MP: 3/3
   144 | D:4      | Reached skill level 1 in Fighting
   144 | D:4      | Reached XP level 2. HP: 10/18 MP: 4/4
   177 | D:4      | Noticed Edmund
   182 | D:4      | Slain by Edmund

Vault maps used:
D:1:      ldierk_water_garden
D:3:      grunt_ministairs_2, uniq_terence, uniq_robin
D:4:      portal_sewer_entry_d, first_ration, uniq_edmund

Skill      XL: |  1 |
---------------+----+-----
Short Blades   | 2 |  2.2
Fighting       | 1 |  1.2
Dodging        | |  2.1
Stealth        | |  3.2
Spellcasting   | |  1.5
Hexes          | |  2.4

Action                   || total
-------------------------++-------
Melee: Dagger            ||    18
 Cast: Corona            ||     1
 Stab: Sleeping          ||     4
Armor: Robe              ||     2
Dodge: Dodged            ||    10

Table legend:
 A = Non-vault XP
 B = Vault XP
 C = Vault XP percentage of total XP
 D = Non-vault monster count
 E = Vault monster count
 F = Vault count percentage of total count
                 A         B        C        D         E       F
            +---------+---------+-------+---------+---------+-------
      Total |      18 |       4 |  18.2 |       3 |       2 |  40.0
            +---------+---------+-------+---------+---------+-------
        D:2 |       2 |       0 |   0.0 |       1 |       0 |   0.0
        D:3 |       2 |       4 |  66.7 |       1 |       2 |  66.7
        D:4 |      14 |       0 |   0.0 |       1 |       0 |   0.0
            +---------+---------+-------+---------+---------+-------
